TOP OF THE 1ST |
Americus Braves batting - Pitching for Amarillo ThunderHeads : RHP Guignard Settignano
|
Pitching: RHP Guignard Settignano
|
|
Batting: RHB Ryan Cole
|
0-0: Called Strike 0-1: Ball 1-1: Ground out 6-3 (Groundball, 6, EV 86.2 MPH)
|
Batting: RHB Wilson Salgado
|
0-0: SINGLE (Line Drive, 8RS, EV 105.6 MPH)
|
Batting: RHB Bill Horne
|
0-0: Ball 1-0: Ball 2-0: Ball 3-0: Called Strike 3-1: Fly out, F4 (Line Drive, 4M, EV 69.4 MPH)
|
Batting: RHB Alex Guerra
|
0-0: Ball 1-0: Ground out 5-3 (Groundball, 56S, EV 83.1 MPH)
|
Top of the 1st over - 0 runs, 1 hit, 0 errors, 1 left on base; Americus 0 - Amarillo 0 |
BOTTOM OF THE 1ST |
Amarillo ThunderHeads batting - Pitching for Americus Braves : LHP Ji-chol Lee
|
Pitching: LHP Ji-chol Lee
|
|
Batting: RHB Robert Topete
|
0-0: Called Strike 0-1: Foul Ball, location: 2F 0-2: Ball 1-2: Fly out, F8 (Flyball, 89M, EV 95.0 MPH)
|
Batting: RHB Pat Martin
|
0-0: Ball 1-0: Called Strike 1-1: Ball 2-1: Ball 3-1: Reached on error, E1 (Groundball, 15, EV 75.0 MPH)
|
Batting: RHB Ryan Salas
|
0-0: Ball 1-0: Foul Ball, location: 2F 1-1: Foul Ball, location: 2F 1-2: Ball 2-2: Fielders Choice at 2nd, U6 (Groundball, 4MD, EV 89.4 MPH)
|
Batting: LHB Danny Moreno
|
0-0: Ball 1-0: Called Strike 1-1: Ball 2-1: Swinging Strike 2-2: Ball 3-2: Base on Balls Ryan Salas to second
|
Batting: RHB Eric Camillo
|
0-0: Ball 1-0: Foul Ball, location: 2F 1-1: Ground out 4-3 (Groundball, 4, EV 86.2 MPH)
|
Bottom of the 1st over - 0 runs, 0 hits, 1 error, 2 left on base; Americus 0 - Amarillo 0 |
TOP OF THE 2ND |
Americus Braves batting - Pitching for Amarillo ThunderHeads : RHP Guignard Settignano
|
Batting: RHB Josh Maxwell
|
0-0: Ball 1-0: Ball 2-0: Ball 3-0: Base on Balls
|
Batting: RHB Jose Florez
|
0-0: Called Strike 0-1: Ball 1-1: Fly out, F7 (Line Drive, 7, EV 96.9 MPH)
|
Batting: RHB Bart Stevensdick
|
0-0: Ball 1-0: Ball 2-0: Called Strike 2-1: SINGLE (Groundball, 56D, EV 103.8 MPH) Josh Maxwell to second
|
Batting: RHB Chris Foss
|
0-0: Ball 1-0: Foul Ball, location: 2F 1-1: Foul Ball, location: 2F 1-2: Ball 2-2: Fly out, F8 (Flyball, 8LXD, EV 101.9 MPH) Runner from 2nd tags up, SAFE at 3rd, no throw by CF
|
Batting: RHB Juan Barela
|
0-0: Called Strike 0-1: Ball 1-1: Fielders Choice at 2nd, 6-4 (Groundball, 56, EV 85.0 MPH)
|
Top of the 2nd over - 0 runs, 1 hit, 0 errors, 2 left on base; Americus 0 - Amarillo 0 |
BOTTOM OF THE 2ND |
Amarillo ThunderHeads batting - Pitching for Americus Braves : LHP Ji-chol Lee
|
Batting: RHB Josh Shoemaker
|
0-0: Ball 1-0: Called Strike 1-1: Called Strike 1-2: Ground out 6-3 (Groundball, 6M, EV 106.2 MPH)
|
Batting: RHB Timotheus Cooper
|
0-0: Foul Ball, location: 2F 0-1: Swinging Strike 0-2: Ball 1-2: Ball 2-2: Ball 3-2: Foul Ball, location: 2F 3-2: Foul Ball, location: 2F 3-2: Strikes out looking
|
Batting: SHB Tyler Romo
|
0-0: Called Strike 0-1: Ball 1-1: Ground out 5-3 (Groundball, 56S, EV 90.0 MPH)
|
Bottom of the 2nd over - 0 runs, 0 hits, 0 errors, 0 left on base; Americus 0 - Amarillo 0 |
TOP OF THE 3RD |
Americus Braves batting - Pitching for Amarillo ThunderHeads : RHP Guignard Settignano
|
Batting: RHB Ryan Cole
|
0-0: Ball 1-0: SINGLE (Groundball, 56D, EV 98.8 MPH)
|
Batting: RHB Wilson Salgado
|
0-0: Foul Ball, location: 2F 0-1: Grounds into double play, 4-6-3 (Groundball, 4M, EV 80.0 MPH)
|
Batting: RHB Bill Horne
|
0-0: Called Strike 0-1: Foul Ball, location: 2F 0-2: Ball 1-2: Ball 2-2: SOLO HOME RUN (Flyball, 7LD, EV 94.4 MPH), Distance : 352 ft
|
Batting: RHB Alex Guerra
|
0-0: Called Strike 0-1: Ball 1-1: Fly out, F7 (Flyball, 7S, EV 97.5 MPH)
|
Top of the 3rd over - 1 run, 2 hits, 0 errors, 0 left on base; Americus 1 - Amarillo 0 |
BOTTOM OF THE 3RD |
Amarillo ThunderHeads batting - Pitching for Americus Braves : LHP Ji-chol Lee
|
Batting: RHB Jorge Balderama
|
0-0: Fly out, F9 (Flyball, 9D, EV 95.6 MPH)
|
Batting: RHB Robert Topete
|
0-0: Foul Ball, location: 2F 0-1: Ball 1-1: Foul Ball, location: 2F 1-2: Strikes out swinging
|
Batting: RHB Pat Martin
|
0-0: Ball 1-0: Ball 2-0: Foul Ball, location: 2F 2-1: Ground out 6-3 (Groundball, 6, EV 83.8 MPH)
|
Bottom of the 3rd over - 0 runs, 0 hits, 0 errors, 0 left on base; Americus 1 - Amarillo 0 |
TOP OF THE 4TH |
Americus Braves batting - Pitching for Amarillo ThunderHeads : RHP Guignard Settignano
|
Batting: RHB Josh Maxwell
|
0-0: Called Strike 0-1: Swinging Strike 0-2: Ball 1-2: Ball 2-2: Ball 3-2: Foul Ball, location: 2F 3-2: Base on Balls
|
Batting: RHB Jose Florez
|
0-0: Called Strike 0-1: Called Strike 0-2: Ball 1-2: Strikes out swinging
|
Batting: RHB Bart Stevensdick
|
0-0: Foul Ball, location: 2F 0-1: Foul Ball, location: 2F 0-2: Foul Ball, location: 2F 0-2: Strikes out swinging
|
Batting: RHB Chris Foss
|
0-0: Foul Ball, location: 2F 0-1: Foul Ball, location: 2F 0-2: Strikes out looking
|
Top of the 4th over - 0 runs, 0 hits, 0 errors, 1 left on base; Americus 1 - Amarillo 0 |
BOTTOM OF THE 4TH |
Amarillo ThunderHeads batting - Pitching for Americus Braves : LHP Ji-chol Lee
|
Batting: RHB Ryan Salas
|
0-0: Called Strike 0-1: Ball 1-1: Called Strike 1-2: Foul Ball, location: 2F 1-2: Fly out, F5 (Line Drive, 5L, EV 64.4 MPH)
|
Batting: LHB Danny Moreno
|
0-0: Ball 1-0: Ball 2-0: Ball 3-0: Called Strike 3-1: Swinging Strike 3-2: Ground out 6-3 (Groundball, 4, EV 82.5 MPH)
|
Batting: RHB Eric Camillo
|
0-0: Ball 1-0: Foul Ball, location: 2F 1-1: Fly out, F9 (Flyball, 9D, EV 96.9 MPH)
|
Bottom of the 4th over - 0 runs, 0 hits, 0 errors, 0 left on base; Americus 1 - Amarillo 0 |
TOP OF THE 5TH |
Americus Braves batting - Pitching for Amarillo ThunderHeads : RHP Guignard Settignano
|
Batting: RHB Juan Barela
|
0-0: Ball 1-0: Ground out 4-3 (Groundball, 34, EV 91.9 MPH)
|
Batting: RHB Ryan Cole
|
0-0: Ball 1-0: Ball 2-0: Swinging Strike 2-1: Ball 3-1: Base on Balls
|
Batting: RHB Wilson Salgado
|
0-0: Fly out, F4 (Popup, 4M, EV 62.5 MPH)
|
Batting: RHB Bill Horne
|
0-0: Ball 1-0: Foul Ball, location: 2F 1-1: SINGLE (Groundball, 56D, EV 106.2 MPH) Ryan Cole to second
|
Batting: RHB Alex Guerra
|
0-0: Foul Ball, location: 2F 0-1: Ball 1-1: Ball 2-1: Ball Wild Pitch! Ryan Cole to third Bill Horne to second 3-1: Fly out, F9 (Flyball, 9S, EV 80.6 MPH)
|
Top of the 5th over - 0 runs, 1 hit, 0 errors, 2 left on base; Americus 1 - Amarillo 0 |
BOTTOM OF THE 5TH |
Amarillo ThunderHeads batting - Pitching for Americus Braves : LHP Ji-chol Lee
|
Batting: RHB Josh Shoemaker
|
0-0: Ball 1-0: Ground out 6-3 (Groundball, 6M, EV 98.1 MPH)
|
Batting: RHB Timotheus Cooper
|
0-0: Ball 1-0: Fly out, F8 (Flyball, 8LM, EV 83.8 MPH)
|
Batting: SHB Tyler Romo
|
0-0: Ground out U3 (Groundball, 34, EV 105.6 MPH)
|
Bottom of the 5th over - 0 runs, 0 hits, 0 errors, 0 left on base; Americus 1 - Amarillo 0 |
TOP OF THE 6TH |
Americus Braves batting - Pitching for Amarillo ThunderHeads : RHP Guignard Settignano
|
Batting: RHB Josh Maxwell
|
0-0: SOLO HOME RUN (Flyball, 7LD, EV 95.6 MPH), Distance : 387 ft
|
Batting: RHB Jose Florez
|
0-0: SOLO HOME RUN (Flyball, 9D, EV 105.0 MPH), Distance : 384 ft
|
Batting: RHB Bart Stevensdick
|
0-0: Ball 1-0: Ball 2-0: Ball 3-0: Called Strike 3-1: Base on Balls
|
Batting: RHB Chris Foss
|
0-0: Ball 1-0: Called Strike 1-1: Foul Ball, location: 2F 1-2: SINGLE (Flyball, 56D, EV 81.9 MPH) Bart Stevensdick to second
|
Batting: RHB Juan Barela
|
0-0: Called Strike 0-1: Called Strike 0-2: Ball 1-2: Ball 2-2: Foul Ball, location: 2F 2-2: Strikes out swinging
|
Batting: RHB Ryan Cole
|
0-0: Ball 1-0: Foul Ball, location: 2F 1-1: Ball 2-1: Ball 3-1: Base on Balls Bart Stevensdick to third Chris Foss to second
|
Batting: RHB Wilson Salgado
|
0-0: Ball 1-0: Foul Ball, location: 2F 1-1: Foul Ball, location: 2F 1-2: Ball 2-2: Foul Ball, location: 2F 2-2: Ball 3-2: Base on Balls Bart Stevensdick scores Chris Foss to third Ryan Cole to second
|
Batting: RHB Bill Horne
|
0-0: Fly out, F8 (Flyball, 8RM, EV 94.4 MPH)
|
Pitching: RHP Trent Murdock
|
|
Batting: RHB Alex Guerra
|
0-0: Ball 1-0: Ground out 3-1 (Groundball, 34S, EV 80.0 MPH)
|
Top of the 6th over - 3 runs, 3 hits, 0 errors, 3 left on base; Americus 4 - Amarillo 0 |
BOTTOM OF THE 6TH |
Amarillo ThunderHeads batting - Pitching for Americus Braves : LHP Ji-chol Lee
|
Batting: RHB Jorge Balderama
|
0-0: Ball 1-0: Swinging Strike 1-1: Swinging Strike 1-2: Ball 2-2: Foul Ball, location: 2F 2-2: Ball 3-2: Foul Ball, location: 2F 3-2: Fly out, F9 (Line Drive, 9S, EV 91.9 MPH)
|
Batting: RHB Robert Topete
|
0-0: Foul Ball, location: 2F 0-1: Swinging Strike 0-2: Hit by Pitch
|
Batting: RHB Pat Martin
|
0-0: Grounds into double play, 6-4-3 (Groundball, 6, EV 93.1 MPH)
|
Bottom of the 6th over - 0 runs, 0 hits, 0 errors, 0 left on base; Americus 4 - Amarillo 0 |
TOP OF THE 7TH |
Americus Braves batting - Pitching for Amarillo ThunderHeads : RHP Trent Murdock
|
Batting: RHB Josh Maxwell
|
0-0: Ball 1-0: Called Strike 1-1: Ball 2-1: Swinging Strike 2-2: Strikes out looking
|
Batting: RHB Jose Florez
|
0-0: Ball 1-0: Called Strike 1-1: Foul Ball, location: 2F 1-2: SINGLE (Flyball, 8RS, EV 95.0 MPH)
|
Batting: RHB Bart Stevensdick
|
0-0: Ball 1-0: SINGLE (Groundball, 4MD, EV 102.5 MPH) Jose Florez to second
|
Batting: RHB Chris Foss
|
0-0: Ball 1-0: Called Strike 1-1: Swinging Strike 1-2: Foul Ball, location: 2F 1-2: Strikes out swinging
|
Batting: RHB Juan Barela
|
0-0: SINGLE (Line Drive, 9S, EV 91.9 MPH) Jose Florez to third Bart Stevensdick to second Runner from 3rd tries for Home, SAFE, throw by RF to home
|
Batting: RHB Ryan Cole
|
0-0: Foul Ball, location: 2F 0-1: Ball 1-1: Ball 2-1: Foul Ball, location: 2F 2-2: Ball 3-2: SINGLE (Groundball, 56D, EV 82.5 MPH) (infield hit) Bart Stevensdick to third Juan Barela to second
|
Batting: RHB Wilson Salgado
|
0-0: Ball 1-0: Called Strike 1-1: Ball 2-1: Fielders Choice at 2nd, 6-4 (Groundball, 6, EV 85.0 MPH)
|
Top of the 7th over - 1 run, 4 hits, 0 errors, 3 left on base; Americus 5 - Amarillo 0 |
BOTTOM OF THE 7TH |
Amarillo ThunderHeads batting - Pitching for Americus Braves : LHP Ji-chol Lee
|
Batting: RHB Ryan Salas
|
0-0: Ball 1-0: Called Strike 1-1: Ball 2-1: Foul Ball, location: 2F 2-2: SINGLE (Groundball, 6D, EV 97.5 MPH)
|
Batting: LHB Danny Moreno
|
0-0: Ball 1-0: Foul Ball, location: 2F 1-1: Ball 2-1: Foul Ball, location: 2F 2-2: Ball 3-2: Fly out, F7 (Flyball, 7, EV 90.6 MPH)
|
Batting: RHB Eric Camillo
|
0-0: Called Strike 0-1: Foul Ball, location: 2F 0-2: Foul Ball, location: 2F 0-2: Grounds into double play, 6-4-3 (Groundball, 6, EV 83.8 MPH)
|
Bottom of the 7th over - 0 runs, 1 hit, 0 errors, 0 left on base; Americus 5 - Amarillo 0 |
TOP OF THE 8TH |
Americus Braves batting - Pitching for Amarillo ThunderHeads : RHP Trent Murdock
|
Batting: RHB Bill Horne
|
0-0: Called Strike 0-1: Ground out 6-3 (Groundball, 6, EV 89.4 MPH)
|
Batting: RHB Alex Guerra
|
0-0: Ball 1-0: Called Strike 1-1: Ball 2-1: Called Strike 2-2: Foul Ball, location: 2F 2-2: Ball 3-2: SINGLE (Groundball, 6MD, EV 94.4 MPH)
|
Batting: RHB Josh Maxwell
|
0-0: Called Strike 0-1: Ball 1-1: Foul Ball, location: 2F 1-2: Strikes out swinging
|
Batting: RHB Jose Florez
|
0-0: Called Strike 0-1: Ball 1-1: Foul Ball, location: 2F 1-2: Foul Ball, location: 2F 1-2: Ball 2-2: Strikes out swinging
|
Top of the 8th over - 0 runs, 1 hit, 0 errors, 1 left on base; Americus 5 - Amarillo 0 |
BOTTOM OF THE 8TH |
Amarillo ThunderHeads batting - Pitching for Americus Braves : LHP Ji-chol Lee
|
Batting: RHB Josh Shoemaker
|
0-0: Ball 1-0: Fly out, F8 (Flyball, 8LM, EV 82.5 MPH)
|
Batting: RHB Timotheus Cooper
|
0-0: Foul Ball, location: 2F 0-1: Ball 1-1: Called Strike 1-2: Ball 2-2: Ball 3-2: Foul Ball, location: 2F 3-2: Ground out 6-3 (Groundball, 6, EV 105.0 MPH)
|
Batting: SHB Tyler Romo
|
0-0: Ball 1-0: Ball 2-0: Ball 3-0: Called Strike 3-1: Called Strike 3-2: Base on Balls
|
Pinch Hitting: RHB Eric Juarez
|
0-0: Ball 1-0: Ball 2-0: Ground out 4-3 (Groundball, 34S, EV 83.1 MPH)
|
Bottom of the 8th over - 0 runs, 0 hits, 0 errors, 1 left on base; Americus 5 - Amarillo 0 |
TOP OF THE 9TH |
Americus Braves batting - Pitching for Amarillo ThunderHeads : RHP Trent Murdock
|
Now in LF: Eric Juarez
|
|
Batting: RHB Bart Stevensdick
|
0-0: SINGLE (Groundball, 56D, EV 109.4 MPH)
|
Pitching: LHP Matt Hawk
|
|
Batting: RHB Chris Foss
|
0-0: Called Strike 0-1: Foul Ball, location: 2F 0-2: Strikes out swinging
|
Batting: RHB Juan Barela
|
0-0: Ball 1-0: Ball 2-0: Grounds into double play, 6-4-3 (Groundball, 6S, EV 77.5 MPH)
|
Top of the 9th over - 0 runs, 1 hit, 0 errors, 0 left on base; Americus 5 - Amarillo 0 |
BOTTOM OF THE 9TH |
Amarillo ThunderHeads batting - Pitching for Americus Braves : LHP Ji-chol Lee
|
Batting: RHB Robert Topete
|
0-0: Ball 1-0: Called Strike 1-1: Ball 2-1: Ball 3-1: Called Strike 3-2: Foul Ball, location: 2F 3-2: Foul Ball, location: 2F 3-2: Base on Balls
|
Pitching: RHP Aaron Frey
|
|
Batting: RHB Pat Martin
|
0-0: Grounds into double play, 6-4-3 (Groundball, 56, EV 101.2 MPH)
|
Batting: RHB Ryan Salas
|
0-0: Ball 1-0: Ball 2-0: Swinging Strike 2-1: Ball 3-1: Foul Ball, location: 2F 3-2: Ground out 6-3 (Groundball, 6, EV 85.0 MPH)
|
Bottom of the 9th over - 0 runs, 0 hits, 0 errors, 0 left on base; Americus 5 - Amarillo 0 |
|